 Dungeon Crawl Stone Soup version 0.21.1-1-g345015fe64 (webtiles) character file.

3961 Gargoyl the Chopper (level 10, -12/82 HPs)
             Began as a Centaur Abyssal Knight on May 1, 2018.
             Was a Priest of Lugonu.
             Mangled by an orc warrior
             ... wielding a +0 battleaxe
              (21 damage)
             ... on level 8 of the Dungeon.
             The game lasted 00:14:20 (8166 turns).

Gargoyl the Chopper (Centaur Abyssal Knight)        Turns: 8166, Time: 00:14:21

Health: -12/82     AC: 13    Str: 16    XL:     10   Next: 2%
Magic:  15/15      EV:  9    Int: 11    God:    Lugonu [***...]
Gold:   330        SH:  0    Dex: 14    Spells: 9/9 levels left

rFire    + . .     SeeInvis .   a - +2 hand axe
rCold    . . .     Gourm    .   (no shield)
rNeg     + . .     Faith    .   t - +1 ring mail of Polish {rF+ rN+ Dex+3}
rPois    +         Spirit   .   (no helmet)
rElec    .         Reflect  .   g - +2 cloak
rCorr    .         Harm     .   i - +1 pair of gloves
MR       .....                  (no barding)
Stlth    ..........             (no amulet)
HPRegen  0.23/turn              d - ring of poison resistance
MPRegen  0.14/turn              e - ring of flight

@: lethally poisoned (-12 -> -13), very quick
A: large, hooves 3, deformed body, speed 2, tough skin 3
a: Depart the Abyss, Bend Space, Banish, Renounce Religion, Evoke Flight


You were on level 8 of the Dungeon.
You worshipped Lugonu.
Lugonu was most pleased with you.
You were not hungry.

You visited 1 branch of the dungeon, and saw 7 of its levels.
You visited the Abyss 1 time.

You collected 330 gold pieces.

Inventory:

Hand Weapons
 a - a +2 hand axe (weapon)
 l - a +0 hand axe of flaming
Missiles
 u - 6 tomahawks (quivered)
Armour
 g - a +2 cloak (worn)
 i - a +1 pair of gloves (worn)
 t - the +1 ring mail of Polish (worn) {rF+ rN+ Dex+3}
   (You found it on level 4 of the Dungeon)

   It affects your dexterity (+3).
   It protects you from fire.
   It protects you from negative energy.
Jewellery
 d - a ring of poison resistance (left hand)
 e - a ring of flight (right hand)
Wands
 b - a wand of polymorph (5)
 o - a wand of paralysis (4)
Scrolls
 n - a scroll of amnesia
 q - 2 scrolls of remove curse
 r - a scroll of identify
 s - 2 scrolls of fear
 x - a scroll of blinking
Potions
 v - a potion of brilliance
Books
 w - a book of Necromancy

   Spells                             Type                      Level
   a - Pain                           Necromancy                   1
   b - Animate Skeleton               Necromancy                   1
   c - Vampiric Draining              Necromancy                   3
   d - Regeneration                   Charms/Necromancy            3
   e - Animate Dead                   Necromancy                   4
   f - Borgnjor's Vile Clutch         Necromancy/Earth             5
Comestibles
 c - 13 rations


   Skills:
 + Level 5.6 Fighting
 + Level 7.6 Axes
 + Level 0.2 Throwing
 * Level 6.6 Armour
 + Level 2.5 Dodging
 * Level 7.0 Invocations


You had 9 spell levels left.
You didn't know any spells.

Dungeon Overview and Level Annotations

Branches:
Dungeon (6/15)             Temple (0/1) D:4

Altars:
Cheibriados
Xom


Innate Abilities, Weirdness & Mutations

You have hooves in place of feet.
Armour fits poorly on your strangely shaped body.
You cover ground very quickly.
You have extremely tough skin. (AC +3)


Message History

You barely miss the orc.
You hear an angry buzzing noise. x2
The killer bee moves out of view.
The orc warrior hits you with a battleaxe!
* * * LOW HITPOINT WARNING * * *
The orc hits you but does no damage.
A killer bee comes into view.
Unknown command.
Okay, then.
You hit the orc warrior but do no damage.
The orc warrior is almost dead.
You feel sick.
The orc warrior hits you with a battleaxe.
* * * LOW HITPOINT WARNING * * *
You hit the orc warrior.
The orc warrior is almost dead.
You closely miss the orc warrior.
The orc warrior is almost dead.
The orc warrior hits you with a battleaxe!!
You die...

.............y.
...............
.........y...
###......h...S
#........h...o .
..#.....y.......
..
.......ho#......
.....##.#.#o#
....# .. #.#.#@#
...# ##.##.###.#
..# #.........#
.. ##.##.##### #
#.#
###.##.########.
.................
.........).......
######.#########.


You could see an orc warrior, a killer bee, an orc and a jackal.

Vanquished Creatures
  The ghost of DwarfAlpaca the Digger, a novice DDEE (D:4)
  6 yaks (D:5)
  A hungry ghost (D:8)
  The ghost of raetorn the Firebug, an amateur OpFE (D:3)
  A water moccasin (D:8)
  A phantom (D:6)
  2 ogres (D:5)
  2 centaurs
  2 bullfrogs
  3 howler monkeys (D:8)
  7 crimson imps
  A bullfrog zombie (D:5)
  2 jellies
  2 bullfrog skeletons
  2 orc priests
  3 hounds
  10 orc wizards
  A centaur skeleton (D:5)
  Ijyb (D:3)
  4 worker ants
  10 adders
  A shadow imp (D:5)
  An ooze (D:1)
  3 worms (D:2)
  2 dart slugs
  4 leopard geckos
  37 orcs
  4 giant cockroaches
  12 goblins
  4 hobgoblins
  3 jackals (D:3)
  A quokka (D:6)
  5 bats
  4 frilled lizards
  4 kobolds
  A leopard gecko zombie (D:8)
  A quokka skeleton (D:5)
  7 rats
157 creatures vanquished.

Vanquished Creatures (others)
  A two-headed ogre (D:8)
  The ghost of YoungGLord the Chopper, a novice HOFi (D:5)
  An orc warrior (D:8)
  A hound (D:5)
  An orc wizard (D:5)
  A worker ant (D:5)
  An orc (D:5)
  A quokka (D:5)
8 creatures vanquished.

Grand Total: 165 creatures vanquished

Notes
Turn   | Place    | Note
-------+----------+-------------------------------------------
     0 | Abyss:1  | Gargoyl the Centaur Abyssal Knight began the quest for the Orb.
     0 | Abyss:1  | Reached XP level 1. HP: 19/19 MP: 2/2
    42 | Abyss:1  | Found a corrupted altar of Lugonu.
    64 | Abyss:1  | Found a corrupted altar of Lugonu.
   130 | Abyss:1  | Noticed a quasit
   131 | Abyss:1  | Noticed a quasit
   142 | Abyss:1  | Noticed a small abomination
   145 | D:1      | Escaped the Abyss
   332 | D:1      | Reached XP level 2. HP: 25/26 MP: 3/3
   418 | D:1      | Reached * piety under Lugonu
  1019 | D:2      | Reached XP level 3. HP: 28/31 MP: 4/4
  1629 | D:2      | Reached XP level 4. HP: 33/38 MP: 5/5
  1846 | D:2      | Noticed a bullfrog
  1855 | D:2      | Killed a bullfrog
  1855 | D:2      | Reached XP level 5. HP: 31/45 MP: 5/7
  2472 | D:3      | Reached XP level 6. HP: 32/51 MP: 8/8
  2475 | D:3      | Reached ** piety under Lugonu
  2606 | D:3      | Noticed raetorn's ghost (amateur OpFE)
  2710 | D:3      | Killed raetorn's ghost
  3343 | D:3      | Noticed Ijyb
  3352 | D:3      | Paralysed by Ijyb for 4 turns
  3360 | D:3      | Paralysed by Ijyb for 5 turns
  3366 | D:3      | Paralysed by Ijyb for 5 turns
  3379 | D:3      | Killed Ijyb
  3379 | D:3      | Reached XP level 7. HP: 53/58 MP: 9/9
  3575 | D:3      | Reached skill level 1 in Dodging
  3746 | D:4      | Found a snail-covered altar of Cheibriados.
  3768 | D:4      | Got a fine ring mail
  3780 | D:4      | Identified the +1 ring mail of Polish {rF+ rN+ Dex+3} (You found it on level 4 of the Dungeon)
  3809 | D:4      | Found a staircase to the Ecumenical Temple.
  3964 | D:4      | Reached *** piety under Lugonu
  4018 | D:4      | Noticed DwarfAlpaca's ghost (novice DDEE)
  4038 | D:4      | Killed DwarfAlpaca's ghost
  4038 | D:4      | Reached skill level 5 in Axes
  4038 | D:4      | Reached XP level 8. HP: 32/66 MP: 9/11
  4578 | D:5      | Entered Level 5 of the Dungeon
  4814 | D:5      | Noticed YoungGLord's ghost (novice HOFi)
  4829 | D:5      | Banished YoungGLord's ghost
  4829 | D:5      | Reached skill level 5 in Armour
  4840 | D:5      | Reached skill level 5 in Invocations
  5025 | D:5      | Found a shimmering altar of Xom.
  5947 | D:5      | Reached XP level 9. HP: 53/72 MP: 13/13
  7121 | D:5      | Reached skill level 5 in Fighting
  7739 | D:6      | You fall through a shaft for 2 floors!
  7783 | D:8      | Noticed a two-headed ogre
  7802 | D:8      | Banished a two-headed ogre
  8144 | D:8      | Reached XP level 10. HP: 73/82 MP: 15/15
  8166 | D:8      | Mangled by an orc warrior

Skill      XL: |  1  2  3  4  5  6  7  8  9 |
---------------+----------------------------+-----
Axes           | 2 3 4 5 6 7 |  7.6
Armour         | 2 3 4 5 6 |  6.6
Invocations    | 3 4 5 7 |  7.0
Dodging        | 1 2 |  2.5
Fighting       | 4 5 |  5.6
Throwing       | |  0.2

Action                   |  1- 3 |  4- 6 |  7- 9 | 10-12 || total
-------------------------+-------+-------+-------+-------++-------
Melee: Hand axe          |    79 |   161 |   450 |    20 ||   710
       Kick              |    13 |    20 |   134 |     5 ||   172
Throw: Tomahawk          |       |       |     4 |       ||     4
Invok: Depart the Abyss  |     1 |       |       |       ||     1
       Banish            |       |       |     5 |       ||     5
       Bend Space        |       |       |     3 |       ||     3
  Use: Scroll            |     6 |     6 |     7 |       ||    19
       Potion            |     1 |     1 |     6 |       ||     8
  Eat: Chunk             |     1 |     5 |    14 |       ||    20
       Ration            |       |       |     4 |       ||     4
Armor: Chain mail        |    45 |   177 |    25 |       ||   247
       Leather armour    |     1 |       |       |       ||     1
       Ring mail         |       |       |   205 |    10 ||   215
       Skin              |       |       |    84 |       ||    84
Dodge: Dodged            |    12 |    53 |   193 |     6 ||   264
